 Dungeon Crawl Stone Soup version 0.31-a0-95-g6fa058ef04 (webtiles) character file.

Game seed: 12694976907384893

219 Drazool the Shooter (level 5, 0/25 HPs)
             Began as a Spriggan Hunter on May 25, 2023.
             Slain by a bullfrog (6 damage)
             ... on level 3 of the Dungeon.
             The game lasted 00:08:27 (2604 turns).

Drazool the Shooter (Spriggan Hunter)               Turns: 2604, Time: 00:08:28

Health: 0/25       AC:  2    Str:  7    XL:     5   Next: 64%
Magic:  6/6        EV: 18    Int: 11    God:
Gold:   151        SH:  0    Dex: 20    Spells: 4/4 levels left

rFire   . . .        a - +0 shortbow
rCold   . . .        (shield currently unavailable)
rNeg    . . .        c - +0 robe
rPois   .            (helmet restricted)
rElec   .            (no cloak)
rCorr   .            (gloves unavailable)
SInv    +            (boots unavailable)
Will    .....        (no amulet)
Stlth   ++           Z - ring of wizardry
HPRegen 0.24/turn    (no ring)
MPRegen 0.10/turn

%: wizardry (x1)
@: slowed, quick
A: very small, no large weapons, unfitting armour, see invisible, speed 3
a: no special abilities


You were on level 3 of the Dungeon.
You visited 1 branch of the dungeon, and saw 3 of its levels.

You collected 151 gold pieces.


Innate Abilities, Weirdness & Mutations

You are very small and have problems with some larger weapons.
You are too small for most types of armour.
You have supernaturally acute eyesight. (SInv)
You cover ground extremely quickly. (Speed+++)


   Skills:
 - Level 1.5 Fighting
 + Level 7.0 Ranged Weapons
 - Level 2.6 Dodging
 - Level 1.5 Stealth


You had 4 spell levels left.
You didn't know any spells.
Your spell library contained the following spells:

 Spells                   Type           Power      Damage    Failure   Level
 Portal Projectile        Hex/Tloc       0%         N/A       38%         3
 Summon Guardian Golem    Hex/Summ       0%         N/A       38%         3
 Tukima's Dance           Hex            0%         N/A       38%         3
 Blade Hands              Tmut           0%         N/A       98%         5
 Orb of Destruction       Conj           0%         9d5       100%        7
 Spellforged Servitor     Conj/Summ      0%         N/A       100%        7

Inventory:

Hand Weapons
 a - a +0 shortbow (weapon)
 b - a +2 heavy hand axe
Armour
 c - a +0 robe (worn)
Jewellery
 Z - a ring of wizardry (left hand)
Wands
 d - a wand of flame (5)
Scrolls
 e - a scroll of amnesia
 h - a scroll of vulnerability
 i - a scroll of enchant weapon {unknown}
 m - a scroll of immolation
 n - a scroll of teleportation {@r2}
 q - a scroll of fog
Potions
 f - 2 potions of lignification {unknown}
 g - a potion of ambrosia {unknown}
 j - 7 potions of curing {unknown}
 k - 2 potions of enlightenment {unknown}
 o - a potion of brilliance {unknown}
 p - 2 potions of might {unknown}

Dungeon Overview and Level Annotations

Branches:
Dungeon (3/15)

Altars:
Okawaru

Shops:
D:1

((
....#........#.#####*)[,**,,,,,,,
....##.............,,,.***,,,,,,,
........##..##..[####*,#**,,,,,,,
.....##.##..##......##.,***,*,***
....).#.##..#.........#,,**,*,*
....#.#.##..........#,**,**,*,***
....<..)##...#......#,,,,,,,,,,,,
....###..#.....F>...#**,*,,,,,,,,
....# *.........@...# *,,,,,,,,,,
....# #...#..#...<..#****W,,,,,,,
***** ##.....#......#W,,,,,,,,,,,
####..#........****,,,,,,,
********,,..........### **,*****
,,,,,,,,,##.....#....,** **,*
**********,...........,***,,* *
*,.....>,......,,,,**
*,,,,,,,,,,,,,,,****


You could see a bullfrog.


Message History

You shoot an arrow. The arrow closely misses the bullfrog.
The bullfrog completely misses you. The bullfrog misses you.
The bullfrog attacks as you move away! The bullfrog hits you!
The bullfrog closely misses you. The bullfrog misses you.
The bullfrog attacks as you move away! The bullfrog closely misses you.
The bullfrog misses you. The bullfrog attacks as you move away!
The bullfrog barely misses you. The bullfrog barely misses you.
The bullfrog attacks as you move away!
The bullfrog hits you but does no damage.
The bullfrog completely misses you. The bullfrog attacks as you move away!
The bullfrog closely misses you. The bullfrog misses you.
The bullfrog attacks as you move away! The bullfrog closely misses you.
The bullfrog attacks as you move away! The bullfrog completely misses you.
The bullfrog hits you! The bullfrog attacks as you move away!
The bullfrog hits you but does no damage.
The bullfrog hits you.
* * * LOW HITPOINT WARNING * * *
The bullfrog completely misses you. The bullfrog attacks as you move away!
The bullfrog closely misses you. The bullfrog hits you.
* * * LOW HITPOINT WARNING * * *
The bullfrog attacks as you move away! The bullfrog barely misses you.
The bullfrog attacks as you move away! The bullfrog hits you.
* * * LOW HITPOINT WARNING * * *
The bullfrog hits you.
You die...

Skill      XL: |  1  2  3  4  5 |
---------------+----------------+-----
Ranged Weapons | 5 6 7 |  7.0
Fighting       | |  1.5
Dodging        | |  2.6
Stealth        | |  1.5

Action                     |  1- 3 |  4- 6 || total
---------------------------+-------+-------++-------
   Fire: Shortbow          |    90 |    92 ||   182
    Use: Scroll            |     7 |     1 ||     8
 Armour: Robe              |     1 |     2 ||     3
  Dodge: Dodged            |     8 |    32 ||    40

Levels and vault maps discovered:
D:1:      minmay_arrival_checkered_box, layout_loops_ring, serial_shops, shop,
          shop
D:2:      layout_loops_ring, shapermc_ecumenical_altar_venn, basic_altar,
          kennysheep_generic_room_9
D:3:      layout_rooms, ebering_ghost_sewer_f

Notes
Turn   | Place    | Note
-------+----------+-------------------------------------------
     0 | D:1      | Drazool the Spriggan Hunter began the quest for the Orb.
     0 | D:1      | Reached XP level 1. HP: 10/10 MP: 2/2
    30 | D:1      | Found Wola's Antique Weapon Shoppe.
   194 | D:1      | Reached XP level 2. HP: 14/14 MP: 3/3
   673 | D:1      | Found Unkaergh's Antique Weapon Shoppe.
   894 | D:2      | Found a faded altar of an unknown god.
  1062 | D:2      | Reached skill level 5 in Ranged Weapons
  1127 | D:2      | Reached XP level 3. HP: 18/18 MP: 4/4
  1382 | D:2      | Found an iron altar of Okawaru.
  1733 | D:3      | Found a runed translucent door.
  1734 | D:3      | Noticed a bullfrog
  1738 | D:3      | Noticed Urgle's ghost (amateur DjFE)
  1770 | D:3      | Reached XP level 4. HP: 17/22 MP: 5/5
  1886 | D:3      | Reached skill level 6 in Ranged Weapons
  2103 | D:3      | Found a runed translucent door.
  2164 | D:2      | Reached XP level 5. HP: 25/25 MP: 6/6
  2551 | D:3      | Killed Urgle's ghost
  2552 | D:3      | Reached skill level 7 in Ranged Weapons
  2604 | D:3      | Slain by a bullfrog

Vanquished Creatures
  The ghost of Urgle the Magician, an amateur DjFE (D:3)
  An orc wizard (D:3)
  3 gnolls (D:3)
  3 adders (D:2)
  2 worms (D:3)
  3 orcs (D:3)
  2 endoplasms
  2 giant cockroaches (D:1)
  4 hobgoblins
  3 jackals (D:1)
  7 quokkas
  4 ball pythons
  4 bats
  3 frilled lizards
  2 goblins
  5 kobolds
  5 rats
54 creatures vanquished.

Table legend: (Time is in decaauts)
 A = Elapsed time spent in this place.
 B = Non-inter-level travel time spent in this place.
 C = Inter-level travel time spent in this place.
 D = Time resting spent in this place.
 E = Time spent auto-exploring this place.
 F = Levels seen in this place.
 G = Mean time per level.
                   A        B        C        D        E       F      G
               +--------+--------+--------+--------+--------+-----+--------+
         Total |   1772 |   1680 |     92 |     94 |   1005 |   3 |  590.7 |
       Dungeon |   1772 |   1680 |     92 |     94 |   1005 |   3 |  590.7 |
               +--------+--------+--------+--------+--------+-----+--------+

Top non-repeatable levels by time:
     D:2: 632 daAuts
     D:3: 597 daAuts
     D:1: 541 daAuts

Table legend:
 A = Non-vault XP
 B = Vault XP
 C = Vault XP percentage of total XP
 D = Non-vault monster count
 E = Vault monster count
 F = Vault count percentage of total count
                 A         B        C        D         E       F
            +---------+---------+-------+---------+---------+-------
      Total |     166 |     148 |  47.1 |      48 |       6 |  11.1
            +---------+---------+-------+---------+---------+-------
        D:1 |      35 |       0 |   0.0 |      22 |       0 |   0.0
        D:2 |      21 |      26 |  55.3 |       7 |       2 |  22.2
        D:3 |     110 |     122 |  52.6 |      19 |       4 |  17.4
            +---------+---------+-------+---------+---------+-------
